[ AOE2 MATCH · #507155884 ]
UnrankedPersians vs Lithuanians
Player's team · WIN
[ REPLAY ANALYSIS · EXTRACTED FROM THE RECORDED GAME ]
Feudal
10:10
Castle
22:57
Imperial
—
| APM avg | 63.7 |
| APM peak | 106 |
| eAPM avg | 23.8 |
| Villagers / military | 49 / 28 |
Focus
⚔️ 28.7% · 🌾 71.3%
Archer ×25 · Militia ×3
Feudal
10:06
Castle
23:10
Imperial
—
| APM avg | 40.3 |
| APM peak | 65 |
| eAPM avg | 20.8 |
| Villagers / military | 38 / 10 |
Focus
⚔️ 24.0% · 🌾 76.0%
Skirmisher ×8 · Archer ×1 · Spearman ×1
Match map
Initial resources + every placement click. Lines = walls · curves = elevation contours. ◆ gold · ⬟ stone · ● berries · ✦ relic · ◌ wall gap
Your base· Open — opponent sealed themselves in
porkchop8732's base· ✓ Closed at 23:10 · 76t walls · 1 gate(s)
Smoothed initial terrain · ◌ = detected wall gap · hover for details
Inputs per minute
— pablo.isaza - - porkchop8732
Build order — pablo.isaza
148 actions detected in the replay
| 0:01 | Queue | Villager (Male) |
| 0:01 | Queue | Villager (Male) |
| 0:01 | Queue | Villager (Male) |
| 0:02 | Build | House |
| 0:03 | Build | House |
| 0:14 | Queue | Villager (Male) |
| 0:25 | Queue | Villager (Male) |
| 1:24 | Build | Lumber Camp |
| 1:26 | Queue | Villager (Male) |
| 2:06 | Queue | Villager (Male) |
| 2:26 | Queue | Villager (Male) |
| 2:49 | Queue | Villager (Male) |
| 3:24 | Queue | Villager (Male) |
| 3:25 | Queue | Villager (Male) |
| 3:25 | Queue | Villager (Male) |
| 3:39 | Build | House |
| 3:59 | Build | Barracks |
| 4:21 | Build | House |
| 4:34 | Queue | Villager (Male) |
| 4:34 | Queue | Villager (Male) |
| 5:07 | Queue | Militia |
| 5:07 | Queue | Militia |
| 5:07 | Queue | Militia |
| 5:09 | Queue | Villager (Male) |
| 5:20 | Build | Palisade Wall |
| 5:40 | Queue | Villager (Male) |
| 6:03 | Queue | Villager (Male) |
| 6:06 | Research | Loom |
| 6:21 | Build | Mill |
| 6:28 | Build | House |
| 7:03 | Build | Palisade Wall |
| 7:11 | Build | Palisade Wall |
| 7:17 | Queue | Villager (Male) |
| 7:55 | Build | House |
| 8:06 | Research | Feudal Age |
| 8:06 | Research | Feudal Age |
| 8:25 | Build | Palisade Wall |
| 9:05 | Build | Palisade Wall |
| 9:22 | Build | House |
| 9:29 | Queue | Villager (Male) |
| 9:46 | Build | Mining Camp |
| 9:47 | Queue | Villager (Male) |
| 9:57 | Queue | Villager (Male) |
| 10:02 | Build | Palisade Wall |
| 10:10 | Age | Feudal Age |
| 10:13 | Queue | Villager (Male) |
| 10:21 | Build | Palisade Gate |
| 10:24 | Queue | Villager (Male) |
| 10:28 | Queue | Villager (Male) |
| 10:36 | Build | Archery Range |
| 10:42 | Research | Man-at-Arms (upgrade) |
| 11:02 | Queue | Villager (Male) |
| 11:21 | Queue | Archer |
| 11:21 | Queue | Archer |
| 11:21 | Queue | Archer |
| 11:24 | Build | House |
| 11:57 | Queue | Villager (Male) |
| 12:07 | Queue | Villager (Male) |
| 12:09 | Queue | Archer |
| 12:17 | Build | Farm |
| 12:18 | Build | Farm |
| 12:29 | Build | Farm |
| 12:33 | Queue | Villager (Male) |
| 12:37 | Queue | Archer |
| 12:38 | Queue | Archer |
| 12:38 | Queue | Archer |
| 12:45 | Build | Farm |
| 13:01 | Build | Farm |
| 13:16 | Queue | Archer |
| 13:18 | Queue | Villager (Male) |
| 13:28 | Build | Farm |
| 13:44 | Queue | Villager (Male) |
| 13:52 | Build | House |
| 13:59 | Queue | Archer |
| 14:18 | Queue | Villager (Male) |
| 14:24 | Build | Farm |
| 14:24 | Build | Farm |
| 14:33 | Queue | Villager (Male) |
| 14:51 | Queue | Villager (Male) |
| 14:55 | Queue | Archer |
| 14:58 | Build | Mill |
| 15:06 | Build | Blacksmith |
| 15:17 | Queue | Archer |
| 15:27 | Build | Farm |
| 15:44 | Research | Fletching |
| 15:54 | Build | Farm |
| 15:54 | Build | Farm |
| 15:54 | Build | Farm |
| 15:55 | Queue | Villager (Male) |
| 16:06 | Queue | Villager (Male) |
| 16:10 | Queue | Villager (Male) |
| 16:34 | Queue | Villager (Male) |
| 16:47 | Queue | Archer |
| 16:47 | Queue | Archer |
| 16:49 | Queue | Villager (Male) |
| 17:05 | Queue | Villager (Male) |
| 17:07 | Build | House |
| 17:18 | Build | House |
| 17:18 | Build | House |
| 17:43 | Queue | Villager (Male) |
| 17:45 | Build | Farm |
| 18:02 | Queue | Villager (Male) |
| 18:10 | Queue | Villager (Male) |
| 18:13 | Queue | Archer |
| 18:14 | Queue | Archer |
| 18:15 | Queue | Archer |
| 18:35 | Build | House |
| 18:47 | Queue | Villager (Male) |
| 18:57 | Queue | Villager (Male) |
| 19:01 | Build | Mining Camp |
| 19:04 | Queue | Archer |
| 19:04 | Queue | Archer |
| 19:35 | Queue | Archer |
| 19:39 | Build | Archery Range |
| 20:23 | Queue | Villager (Male) |
| 20:28 | Research | Castle Age |
| 20:55 | Research | Padded Archer Armor |
| 20:57 | Build | Lumber Camp |
| 20:59 | Research | Double-Bit Axe |
| 21:01 | Queue | Archer |
| 21:01 | Queue | Archer |
| 21:01 | Queue | Archer |
| 21:01 | Queue | Archer |
| 21:33 | Queue | Villager (Male) |
| 21:35 | Build | Farm |
| 21:35 | Build | Farm |
| 21:35 | Build | Farm |
| 21:36 | Queue | Archer |
| 21:38 | Build | Farm |
| 21:38 | Build | Farm |
| 21:39 | Build | Farm |
| 21:39 | Build | Farm |
| 21:58 | Build | Farm |
| 21:58 | Build | Farm |
| 21:58 | Build | Farm |
| 21:59 | Build | Farm |
| 22:00 | Build | Farm |
| 22:33 | Queue | Villager (Male) |
| 22:46 | Queue | Archer |
| 22:52 | Build | Farm |
| 22:57 | Age | Castle Age |
| 23:00 | Research | Crossbowman (upgrade) |
| 23:08 | Research | Bodkin Arrow |
| 23:08 | Research | Bodkin Arrow |
| 23:20 | Queue | Villager (Male) |
| 23:22 | Queue | Villager (Male) |
| 23:26 | Build | House |
| 23:26 | Build | House |
Build order — porkchop8732
118 actions detected in the replay
| 0:00 | Queue | Villager (Male) |
| 0:01 | Queue | Villager (Male) |
| 0:01 | Queue | Villager (Male) |
| 0:02 | Build | House |
| 0:04 | Build | House |
| 0:14 | Queue | Villager (Male) |
| 0:24 | Queue | Villager (Male) |
| 0:48 | Queue | Villager (Male) |
| 1:41 | Queue | Villager (Male) |
| 1:51 | Build | Lumber Camp |
| 1:53 | Queue | Villager (Male) |
| 2:29 | Queue | Villager (Male) |
| 3:34 | Queue | Villager (Male) |
| 3:43 | Build | House |
| 3:45 | Build | House |
| 4:09 | Build | Palisade Wall |
| 4:15 | Build | Palisade Wall |
| 4:18 | Queue | Villager (Male) |
| 4:19 | Queue | Villager (Male) |
| 5:04 | Queue | Villager (Male) |
| 5:08 | Build | House |
| 5:09 | Build | House |
| 5:20 | Queue | Villager (Male) |
| 6:11 | Build | Mill |
| 6:16 | Queue | Villager (Male) |
| 6:22 | Queue | Villager (Male) |
| 6:22 | Research | Loom |
| 6:28 | Build | Palisade Wall |
| 6:30 | Queue | Villager (Male) |
| 6:57 | Build | Palisade Wall |
| 7:02 | Queue | Villager (Male) |
| 7:14 | Queue | Villager (Male) |
| 7:19 | Build | Palisade Wall |
| 7:49 | Build | Palisade Wall |
| 7:53 | Build | Palisade Wall |
| 7:56 | Research | Feudal Age |
| 8:04 | Build | Palisade Wall |
| 8:06 | Build | Palisade Wall |
| 8:06 | Build | Palisade Wall |
| 8:07 | Build | Palisade Wall |
| 8:10 | Build | Palisade Wall |
| 8:11 | Build | Palisade Wall |
| 8:19 | Build | Palisade Wall |
| 8:36 | Queue | Villager (Male) |
| 9:41 | Build | Barracks |
| 9:45 | Queue | Villager (Male) |
| 10:06 | Age | Feudal Age |
| 10:19 | Research | Double-Bit Axe |
| 10:21 | Queue | Villager (Male) |
| 10:38 | Queue | Villager (Male) |
| 11:10 | Build | Farm |
| 11:41 | Build | Farm |
| 11:50 | Queue | Villager (Male) |
| 11:50 | Queue | Villager (Male) |
| 12:10 | Queue | Villager (Male) |
| 12:10 | Queue | Villager (Male) |
| 12:17 | Queue | Spearman |
| 12:24 | Queue | Villager (Male) |
| 12:27 | Build | Farm |
| 12:36 | Queue | Villager (Male) |
| 12:39 | Build | Lumber Camp |
| 13:08 | Queue | Villager (Male) |
| 13:17 | Build | Farm |
| 13:36 | Build | Mining Camp |
| 13:40 | Queue | Villager (Male) |
| 13:43 | Queue | Villager (Male) |
| 13:52 | Build | Palisade Gate |
| 14:04 | Build | House |
| 14:11 | Build | House |
| 14:22 | Queue | Villager (Male) |
| 14:32 | Build | Archery Range |
| 14:58 | Build | Mining Camp |
| 15:18 | Queue | Villager (Male) |
| 15:25 | Build | Palisade Wall |
| 15:27 | Build | Palisade Wall |
| 15:37 | Queue | Villager (Male) |
| 15:43 | Build | Farm |
| 15:43 | Build | Farm |
| 15:44 | Build | Farm |
| 15:44 | Build | Farm |
| 15:44 | Build | Farm |
| 15:44 | Build | Farm |
| 15:45 | Build | Farm |
| 15:48 | Build | Farm |
| 16:00 | Queue | Archer |
| 16:13 | Build | Farm |
| 16:16 | Build | Farm |
| 16:16 | Build | Farm |
| 17:05 | Build | Mill |
| 17:17 | Queue | Villager (Male) |
| 17:28 | Build | Watch Tower |
| 17:31 | Build | House |
| 17:52 | Build | House |
| 17:53 | Build | House |
| 18:13 | Build | House |
| 18:14 | Build | House |
| 18:31 | Build | Mining Camp |
| 18:44 | Queue | Skirmisher |
| 18:44 | Queue | Skirmisher |
| 19:00 | Queue | Villager (Male) |
| 19:40 | Queue | Skirmisher |
| 19:40 | Queue | Skirmisher |
| 19:54 | Build | Blacksmith |
| 20:29 | Build | Palisade Wall |
| 20:30 | Research | Castle Age |
| 20:30 | Research | Castle Age |
| 20:52 | Research | Fletching |
| 21:07 | Build | House |
| 21:08 | Build | House |
| 21:40 | Queue | Skirmisher |
| 21:41 | Queue | Skirmisher |
| 21:53 | Research | Horse Collar |
| 22:07 | Build | Palisade Wall |
| 22:09 | Build | Palisade Wall |
| 22:21 | Queue | Skirmisher |
| 22:22 | Queue | Skirmisher |
| 23:10 | Age | Castle Age |
| 23:25 | Queue | Villager (Male) |
Match timeline
| 3:59 | pablo.isaza · first_building Barracks |
| 4:09 | porkchop8732 · wall_segment Palisade Wall x7 |
| 4:15 | porkchop8732 · wall_segment Palisade Wall x5 |
| 5:20 | pablo.isaza · wall_segment Palisade Wall x7 |
| 6:28 | porkchop8732 · wall_segment Palisade Wall x28 |
| 6:57 | porkchop8732 · wall_segment Palisade Wall x23 |
| 7:03 | pablo.isaza · wall_segment Palisade Wall x13 |
| 7:11 | pablo.isaza · wall_segment Palisade Wall x3 |
| 7:19 | porkchop8732 · wall_segment Palisade Wall x13 |
| 7:49 | porkchop8732 · wall_segment Palisade Wall x1 |
| 7:53 | porkchop8732 · wall_segment Palisade Wall x1 |
| 8:04 | porkchop8732 · wall_segment Palisade Wall x1 |
| 8:06 | porkchop8732 · wall_segment Palisade Wall x1 |
| 8:06 | porkchop8732 · wall_segment Palisade Wall x1 |
| 8:07 | porkchop8732 · wall_segment Palisade Wall x1 |
| 8:10 | porkchop8732 · wall_segment Palisade Wall x1 |
| 8:11 | porkchop8732 · wall_segment Palisade Wall x1 |
| 8:19 | porkchop8732 · wall_segment Palisade Wall x1 |
| 8:25 | pablo.isaza · wall_segment Palisade Wall x5 |
| 9:05 | pablo.isaza · wall_segment Palisade Wall x6 |
| 9:41 | porkchop8732 · first_building Barracks |
| 10:02 | pablo.isaza · wall_segment Palisade Wall x7 |
| 10:06 | porkchop8732 · age_up feudal |
| 10:10 | pablo.isaza · age_up feudal |
| 10:36 | pablo.isaza · first_building Archery Range |
| 14:32 | porkchop8732 · first_building Archery Range |
| 15:25 | porkchop8732 · wall_segment Palisade Wall x1 |
| 15:27 | porkchop8732 · wall_segment Palisade Wall x1 |
| 20:29 | porkchop8732 · wall_segment Palisade Wall x1 |
| 22:07 | porkchop8732 · wall_segment Palisade Wall x1 |
| 22:09 | porkchop8732 · wall_segment Palisade Wall x1 |
| 22:57 | pablo.isaza · age_up castle |
| 23:10 | porkchop8732 · age_up castle |
| 23:41 | porkchop8732 · resign |
[ AI ANALYSIS · 1 CREDIT ]
What really happened in this match?
Wolo.gg analyzes every decision: build order, eco, micro, common mistakes by bracket. Personalized analysis on WhatsApp or Discord in 30 seconds.
Civ guide
Persians
Perfil
Jugador #5357515